Map: Abyssal Reef LE

Players

Ryz

  • Race: Terran Terran
  • League: Platinum
  • Spawn Location: 5:00

Juxtapose - Winner!

  • Race: Protoss Protoss
  • League: Platinum
  • Spawn Location: 11:00

VOD

https://youtu.be/924Ha2qU_ao

Description

My opponent is very good at his harassment, and I was quite worried for a bit. Expanding did of course help, and the switch to Void Rays appears to have been the correct one.

Time

  • Played on: Jan. 14, 2018, 3:07 p.m.
  • Length: 12:03
Show
View Real Time Build Order
Export as new Build Order

Ryz Terran 

Build Orders: Reaper Expand, MMM Bio 

Get SALT Encoding   

  12  0:01  SCV  
  13  0:13  SCV  
  14  0:17  Supply Depot  
  14  0:25  SCV  
  15  0:39  SCV  
  15  0:40  Barracks  
  16  0:45  Refinery  
  16  0:52  SCV  
  17  1:05  SCV  
  18  1:17  SCV  
  19  1:29  Reaper  
  20  1:37  Orbital Command  
  20  1:51  Command Center  
  20  2:00  Refinery  
  20  2:02  Barracks Reactor  
  20  2:21  SCV  
  21  2:35  Factory  
  21  2:36  SCV  
  22  2:48  SCV  
  23  3:03  SCV  
  24  3:14  Orbital Command  
  24  3:15  SCV  
  25  3:20  Widow Mine  
  25  3:21  Starport  
  25  3:24  Marine x2  
  29  3:29  SCV  
  29  3:31  Supply Depot  
  30  3:41  SCV  
  31  3:42  Marine x2  
  33  3:53  SCV  
  34  3:56  SCV  
  34  3:57  Widow Mine, Medivac  
  34  4:00  Marine x2  
  41  4:10  SCV  
  42  4:18  Marine x2  
  42  4:19  Factory Tech Lab  
  42  4:23  Barracks x2  
  44  4:25  SCV  
  45  4:35  Marine  
  45  4:38  Supply Depot  
  46  4:46  Engineering Bay  
  46  4:49  Factory Tech Lab  
  46  4:57  SCV, Medivac, Marine  
  46  4:58  Refinery  
  50  5:00  Refinery  
  50  5:02  Command Center  
  50  5:06  Engineering Bay  
  47  5:37  Terran Infantry Weapons Level 1  
  47  5:38  Terran Infantry Armor Level 1  
  47  5:42  Missile Turret  
  41  5:58  Missile Turret  
  41  6:01  SCV x2  
  41  6:04  Marine x2  
  44  6:15  SCV  
  44  6:16  SCV  
  44  6:17  Widow Mine  
  48  6:21  Marine x2  
  50  6:34  Orbital Command  
  50  6:38  Widow Mine  
  50  6:39  Marine  
  53  6:45  Missile Turret  
  53  6:53  Combat Shields, Stimpack  
  53  6:57  Starport Reactor  
  53  7:00  Marine x2  
  55  7:15  Marine x2  
  55  7:18  Marine  
  58  7:28  SCV x3, Marine  
  62  7:33  Marauder  
  62  7:34  Marauder  
  66  7:40  SCV, Armory  
  67  7:45  Medivac  
  69  7:55  Marauder x2  
  59  8:13  Marine x2  
  59  8:16  Marauder x2  
  65  8:24  SCV  
  65  8:25  SCV  
  64  8:32  Terran Infantry Armor Level 2  
  64  8:34  Terran Infantry Weapons Level 2  
  64  8:39  SCV x2  
  66  8:47  SCV, Marine x2  
  66  8:48  Marine x2  
  71  8:49  Factory Reactor  
  71  8:51  SCV  
  71  8:52  Barracks  
  71  8:54  SCV  
  73  8:57  Barracks  
  73  8:59  SCV  
  74  9:05  Marine  
  74  9:06  Marine x2  
  74  9:08  Sensor Tower  
  77  9:12  Marine  
  77  9:15  Medivac  
  77  9:16  Medivac  
  82  9:18  Supply Depot  
  82  9:19  SCV x2  
  82  9:23  Sensor Tower  
  82  9:24  Marine  
  85  9:27  Marine  
  85  9:28  Marine  
  72  9:40  Marine x2  
  72  9:41  Marine  
  72  9:44  Marine  
  72  9:45  Marine  
  62  9:48  Marine  
  54  9:58  Marine x2  
  54  9:59  Marine  
  55  10:02  Marine  
  55  10:05  Marine  
  55  10:06  Marine  
  41  10:16  Marine x2, Viking x2  
  41  10:17  Marine  
  41  10:19  Marine  
  48  10:23  Marine  
  48  10:24  Marine  
  47  10:34  Marine x2  
  47  10:35  Marine  
  40  10:37  Marine  
  40  10:39  Orbital Command  
  35  10:50  Marine  
  35  10:51  Marine  
  36  11:10  Marine x2  
Show
View Real Time Build Order
Export as new Build Order

Juxtapose Protoss - Winner!

Build Orders:  

Get SALT Encoding   

  12  0:01  Probe  
  13  0:13  Probe  
  14  0:20  Pylon  
  14  0:25  Probe  
  15  0:38  Probe  
  15  0:40  Gateway  
  16  0:50  Probe  
  16  0:52  Assimilator  
  17  1:03  Probe  
  18  1:05  Pylon  
  18  1:15  Probe  
  19  1:19  Assimilator  
  19  1:27  Probe  
  19  1:29  Cybernetics Core  
  19  1:32  Zealot  
  23  1:40  Probe  
  23  1:52  Probe  
  24  2:07  Probe  
  25  2:09  Warp Gate  
  24  2:28  Nexus  
  24  2:29  Probe  
  24  2:34  Stalker  
  25  2:55  Probe  
  26  3:08  Stalker, Probe  
  26  3:12  Pylon  
  29  3:20  Probe  
  30  3:31  Stargate  
  30  3:32  Probe  
  31  3:43  Shield Battery  
  31  3:44  Pylon  
  31  3:47  Probe  
  31  3:48  Pylon  
  32  3:53  Probe  
  33  4:05  Probe  
  34  4:17  Probe, Oracle (Chrono Boost)  
  34  4:18  Probe  
  34  4:19  Shield Battery  
  39  4:30  Gateway, Probe  
  39  4:31  Probe  
  41  4:42  Pylon, Probe  
  41  4:43  Probe  
  43  4:46  Forge  
  43  4:54  Probe  
  43  4:55  Probe  
  45  5:02  Assimilator  
  45  5:05  Assimilator  
  45  5:06  Probe  
  46  5:07  Probe  
  46  5:08  Pylon  
  46  5:13  Stalker  
  38  5:25  Probe  
  39  5:37  Probe  
  40  5:55  Probe x2  
  42  5:59  Stalker  
  44  6:07  Probe  
  45  6:12  Robotics Facility  
  45  6:15  Photon Cannon  
  45  6:16  Photon Cannon  
  45  6:19  Probe  
  43  6:35  Probe  
  44  6:40  Gateway  
  44  6:41  Void Ray (Chrono Boost)  
  48  6:48  Probe  
  48  6:50  Stalker x2  
  53  6:55  Probe  
  53  7:00  Probe  
  55  7:02  Observer  
  55  7:07  Void Ray, Probe (Chrono Boost)  
  57  7:14  Probe (Chrono Boost)  
  58  7:19  Probe (Chrono Boost)  
  64  7:30  Observer (Chrono Boost)  
  64  7:35  Probe  
  64  7:37  Probe  
  66  7:40  Stalker x2, Protoss Ground Weapons Level 1 (Chrono Boost)  
  66  7:43  Immortal (Chrono Boost)  
  74  7:51  Void Ray (Chrono Boost)  
  74  7:52  Twilight Council  
  72  8:17  Immortal  
  72  8:19  Stalker  
  78  8:27  Void Ray (Chrono Boost)  
  78  8:33  Stalker x2  
  86  8:38  Pylon  
  86  8:49  Observer  
  87  9:09  Stalker x2, Nexus  
  91  9:11  Pylon  
  91  9:14  Pylon  
  81  9:40  Stalker x3, Void Ray (Chrono Boost)  
  73  9:49  Immortal  
  71  10:11  Stalker x3  
  77  10:34  Stalker  
  77  10:35  Stalker x2  
  78  10:36  Probe  
  78  10:39  Immortal  
  83  10:48  Probe  
  60  11:21  Stalker x3  
  60  11:31  Gateway  
  60  11:32  Gateway  
Tags
 
Add a new tag
Caveats
  • Supply blocks, unpowered buildings, or Contaminate may cause inaccurate times.
  • Supply counts are checked every 10 seconds.